 Dungeon Crawl Stone Soup version 0.13.0-13-g27bfa31 (webtiles) character file.

253 Bloax the Skirmisher (level 5, 0/33 HPs)
             Began as a Gargoyle Berserker on Oct 20, 2013.
             Was a Believer of Trog.
             Slain by a slave (6 damage)
             ... led by Pikel
             ... on Level 6 of the Dungeon.
             The game lasted 00:02:00 (1103 turns).

Bloax the Skirmisher (Gargoyle Berserker)           Turns: 1103, Time: 00:02:00

HP   0/33        AC 10     Str 22      XL: 5   Next:  2%
MP   4/4         EV  9     Int  7      God: Trog [**....]
Gold 135         SH  0     Dex  9      Spells:  0 memorised,  4 levels left

Res.Fire  : . . .   See Invis. : .   a - +0 mace
Res.Cold  : . . .   Warding    : .   h - +0 scale mail
Life Prot.: + . .   Conserve   : .   (no shield)
Res.Poison: +       Res.Corr.  : .   (no helmet)
Res.Elec. : +       Clarity    : .   (no cloak)
Sust.Abil.: . .     Spirit.Shd : .   (no gloves)
Res.Mut.  : .       Stasis     : .   (no boots)
Res.Rott. : +       Flight     : .   (no amulet)
Saprovore : . . .                    (no ring)
                                     b - ring of poison resistance {unknown}

@: exhausted, slowed, very slow, slightly resistant to hostile enchantments,
extremely unstealthy
A: fangs 1, talons 2, life protection 1, electricity resistance, slow metabolism
1, unbreathing, petrification resistance, AC +4
a: Burn Spellbooks, Berserk, Trog's Hand, Renounce Religion


You were on level 6 of the Dungeon.
You worshipped Trog.
Trog was pleased with you.
You were not hungry.

You visited 1 branch of the dungeon, and saw 4 of its levels.

You collected 115 gold pieces.


Innate Abilities, Weirdness & Mutations

You are resistant to torment.
You are immune to poison.
Your stone body is very resilient (AC +4).
You have very sharp teeth.
You have razor-sharp toenails.
You resist negative energy.
You are resistant to electric shocks.
You have a slow metabolism.
You can survive without breathing.
You are immune to petrification.


   Skills:
 + Level 4.5 Fighting
 + Level 4.2 Maces & Flails
 + Level 3.5 Armour
 - Level 1.5 Dodging


You had 4 spell levels left.
You didn't know any spells.

Dungeon Overview and Level Annotations

Branches:
Dungeon (6/27)
 Temple: D:4-7          Orc: D:6-11

Altars:
Fedhas

Annotations:
D:6 Pikel

Inventory:

Hand weapons
 a - a +0,+0 mace (weapon)
Armour
 h - a +0 scale mail (worn)
   (You found it on level 1 of the Dungeon)
Comestibles
 c - a bread ration
 d - 3 meat rations
 k - a beef jerky
Scrolls
 e - 3 scrolls of identify {unknown}
 f - 2 scrolls of remove curse {unknown}
 g - a scroll of recharging {unknown}
 l - a scroll of amnesia {unknown}
 m - a scroll of enchant weapon II {unknown}
 o - a scroll of blinking {unknown}
 p - a scroll of noise {unknown}
 q - a scroll of fear {unknown}
Jewellery
 b - a ring of poison resistance (left hand) {unknown}
   (You found it on level 1 of the Dungeon)
Potions
 i - 3 potions of heal wounds {unknown}
 j - 3 potions of curing {unknown}
 n - a potion of magic {unknown}

#.....#
#.....#
#.....#
#.....#
####.## #.#
#.### #..@#
###@#
<......FoK#
......@@.#
.........+
.........#
........#
########


You could see Pikel, 3 slaves, a giant frog and an orc.


Message History

The slave hits you but does no damage. The giant frog barely misses you.
The orc closely misses you.
Unknown command.
You sock the giant frog!
The giant frog is almost dead.
The giant frog closely misses you. The slave hits you but does no damage.
You thump Pikel!
Pikel is moderately wounded.
The giant frog hits you. The orc hits you with an orcish dagger.
Pikel barely misses you. The slave hits you but does no damage.
You hit Pikel. You claw Pikel! You bite Pikel!
Pikel is almost dead.
The giant frog hits you. The orc hits you but does no damage.
Pikel hits you but does no damage. The slave hits you.
The giant frog hits you but does no damage.
You closely miss Pikel.
Pikel is almost dead.
Your skin stops crawling.
You feel less resistant to hostile enchantments.
You are no longer berserk.
You pass out from exhaustion.
You feel yourself slow down. The orc completely misses you.
The giant frog hits you. The slave hits you.
* * * LOW HITPOINT WARNING * * *
Pikel hits you but does no damage.
The giant frog hits you but does no damage.
The orc hits you but does no damage. The slave hits you but does no damage.
The giant frog hits you but does no damage.
Pikel hits you but does no damage. The orc hits you with an orcish dagger.
* * * LOW HITPOINT WARNING * * *
The giant frog hits you but does no damage.
The slave barely misses you.
The giant frog hits you but does no damage.
Pikel barely misses you. The orc hits you but does no damage.
The slave hits you but does no damage.
You can move again.
You hit Pikel but do no damage. You claw Pikel.
Pikel is almost dead.
The giant frog hits you.
* * * LOW HITPOINT WARNING * * *
The giant frog hits you but does no damage.
Pikel hits you but does no damage. The orc hits you but does no damage.
The slave hits you but does no damage. The giant frog barely misses you.
Pikel hits you with a runed whip.
* * * LOW HITPOINT WARNING * * *
Pikel burns you.
* * * LOW HITPOINT WARNING * * *
The orc hits you but does no damage.
Unknown command.
Unknown command.
You closely miss Pikel.
Pikel is almost dead.
The giant frog hits you but does no damage.
The slave closely misses you.
The giant frog hits you but does no damage.
Pikel barely misses you. The orc hits you but does no damage.
The slave hits you but does no damage. The giant frog hits you.
* * * LOW HITPOINT WARNING * * *
The orc hits you but does no damage. Pikel hits you but does no damage.
Unknown command.
Unknown command.
Unknown command.
You miss Pikel.
Pikel is almost dead.
The giant frog misses you. The slave barely misses you.
The giant frog hits you.
* * * LOW HITPOINT WARNING * * *
The orc hits you but does no damage. Pikel hits you but does no damage.
The slave hits you.
You die...

Action                   |  1- 3 |  4- 6 || total
-------------------------+-------+-------++-------
Melee: Mace              |    64 |    43 ||   107
Invok: Berserk           |     1 |     1 ||     2
       Trog's Hand       |       |     1 ||     1

Vault maps used:
D:1:      dpeg_entry_refuge
D:2:      Guppyfry_Hobgoblin_minivault, uniq_iyjb
D:3:      fedhas_ov_isle_minmay
D:6:      st_stairs_9, serial_teleporters_loop2A_master,
          serial_teleporters_loop2A_1, serial_teleporters_loop2A_2, uniq_pikel

Notes
Turn   | Place    | Note
--------------------------------------------------------------
     0 | D:1      | Bloax, the Gargoyle Berserker, began the quest for the Orb.
     0 | D:1      | Reached XP level 1. HP: 14/14 MP: 0/0
   128 | D:1      | Reached XP level 2. HP: 19/19 MP: 1/1
   329 | D:1      | You fall through a shaft!
   370 | D:2      | Reached XP level 3. HP: 22/24 MP: 2/2
   487 | D:2      | Reached skill level 4 in Fighting
   520 | D:2      | Acquired Trog's second power
   616 | D:2      | Reached skill level 3 in Armour
   638 | D:2      | Reached XP level 4. HP: 29/29 MP: 3/3
   735 | D:3      | Found a blossoming altar of Fedhas.
   781 | D:3      | Reached skill level 4 in Maces & Flails
  1076 | D:3      | You fall through a shaft!
  1081 | D:6      | Noticed a slave
  1082 | D:6      | Noticed a slave
  1087 | D:6      | Noticed Pikel
  1087 | D:6      | Noticed a slave
  1087 | D:6      | Noticed a slave
  1087 | D:6      | Noticed a giant frog
  1089 | D:6      | Killed a slave
  1092 | D:6      | Reached XP level 5. HP: 33/33 MP: 4/4
  1103 | D:6      | HP: 6/33 [giant frog (4)]
  1103 | D:6      | Slain by a slave

Vanquished Creatures
  A slave (D:6)
  An orc wizard (D:6)
  3 adders
  2 giant mites
  A worm (D:2)
  3 giant geckos
  2 orcs (D:6)
  4 bats
  A giant cockroach (D:1)
  8 goblins
  6 hobgoblins
  7 kobolds
  A giant newt (D:2)
  4 jackals (D:2)
  A quokka (D:2)
  4 rats
49 creatures vanquished.
